TOP OF THE 1ST |
Harrisburg Senators batting - Pitching for Tulsa Drillers : LHP Gavin White
|
Pitching: LHP Gavin White
|
|
Batting: SHB Dan Castaneda
|
0-0: Called Strike 0-1: Ball 1-1: Foul Ball, location: 2F 1-2: Ball 2-2: Foul Ball, location: 2F 2-2: Ball 3-2: Strikes out swinging
|
Batting: RHB Kevin Whitenack
|
0-0: Ball 1-0: Swinging Strike 1-1: Foul Ball, location: 2F 1-2: Ground out 5-3 (Groundball, 56S, EV 87.5 MPH)
|
Batting: LHB Evan Oliveri
|
0-0: Ball 1-0: Swinging Strike 1-1: Ground out 4-3 (Groundball, 4, EV 89.4 MPH)
|
Top of the 1st over - 0 runs, 0 hits, 0 errors, 0 left on base; Harrisburg 0 - Tulsa 0 |
BOTTOM OF THE 1ST |
Tulsa Drillers batting - Pitching for Harrisburg Senators : RHP Todd Carbaugh
|
Pitching: RHP Todd Carbaugh
|
|
Batting: RHB Vinny Vasquez
|
0-0: Called Strike 0-1: Foul Ball, location: 2F 0-2: Ball 1-2: Strikes out swinging
|
Batting: RHB Mario Gonzales
|
0-0: Called Strike 0-1: Foul Ball, location: 2F 0-2: Ball 1-2: Foul Ball, location: 2F 1-2: Ground out 5-3 (Groundball, 5S, EV 85.0 MPH)
|
Batting: RHB John Piccolo
|
0-0: Called Strike 0-1: Ball 1-1: Called Strike 1-2: Strikes out swinging
|
Bottom of the 1st over - 0 runs, 0 hits, 0 errors, 0 left on base; Harrisburg 0 - Tulsa 0 |
TOP OF THE 2ND |
Harrisburg Senators batting - Pitching for Tulsa Drillers : LHP Gavin White
|
Batting: RHB Slavik Nebrodov
|
0-0: Ball 1-0: SINGLE (Groundball, 34D, EV 105.0 MPH)
|
Batting: SHB Alex Ethridge
|
0-0: Called Strike 0-1: Called Strike 0-2: Ball Wild Pitch! Slavik Nebrodov to second 1-2: Ball 2-2: Ball 3-2: SINGLE (Groundball, 4D, EV 96.2 MPH) Slavik Nebrodov to third
|
Batting: RHB Jim Towle
|
0-0: Ball 1-0: Swinging Strike 1-1: Grounds out, U3 (Groundball, 3L, EV 100.6 MPH) Slavik Nebrodov scores
|
Batting: RHB Donovan Auclair
|
0-0: Ball 1-0: Foul Ball, location: 2F 1-1: Ball 2-1: Called Strike 2-2: Strikes out swinging
|
Batting: RHB John McNeill
|
0-0: Ball 1-0: Called Strike 1-1: Ground out 4-3 (Groundball, 4M, EV 88.1 MPH)
|
Top of the 2nd over - 1 run, 2 hits, 0 errors, 1 left on base; Harrisburg 1 - Tulsa 0 |
BOTTOM OF THE 2ND |
Tulsa Drillers batting - Pitching for Harrisburg Senators : RHP Todd Carbaugh
|
Batting: RHB Jorge Benites
|
0-0: Foul Ball, location: 2F 0-1: SINGLE (Groundball, 6D, EV 95.6 MPH)
|
Batting: RHB Seth Tramontano
|
0-0: Ball 1-0: Ball 2-0: Ball 3-0: Base on Balls Jorge Benites to second
|
Batting: LHB Hyoji Toda
|
0-0: Foul Ball, location: 2F 0-1: Foul Ball, location: 2F 0-2: Foul Ball, location: 2F 0-2: Ball 1-2: Foul Ball, location: 2F 1-2: Ball 2-2: SINGLE (Groundball, 3S, EV 66.9 MPH) (infield hit) Jorge Benites to third Seth Tramontano to second
|
Batting: SHB Todd Hewitt
|
0-0: Fielders Choice at 2nd, 3-6 (Groundball, 3, EV 100.0 MPH) Jorge Benites scores Seth Tramontano to third
|
Batting: RHB Jerry Sanchez
|
0-0: Called Strike Todd Hewitt steals 2nd base 0-1: DOUBLE (Line Drive, 9LS, EV 105.6 MPH) Seth Tramontano scores Todd Hewitt scores
|
Batting: RHB Mike Dodson
|
0-0: Called Strike Jerry Sanchez is caught stealing 3rd base 2-5 0-1: Ball 1-1: Ball 2-1: Called Strike 2-2: Strikes out swinging
|
Bottom of the 2nd over - 3 runs, 3 hits, 0 errors, 0 left on base; Harrisburg 1 - Tulsa 3 |
TOP OF THE 3RD |
Harrisburg Senators batting - Pitching for Tulsa Drillers : LHP Gavin White
|
Batting: LHB Kyung-jin Cho
|
0-0: Called Strike 0-1: Ball 1-1: Called Strike 1-2: Strikes out swinging
|
Batting: SHB Dan Castaneda
|
0-0: Ball 1-0: Ball 2-0: Foul Ball, location: 2F 2-1: Ball 3-1: SINGLE (Groundball, 56S, EV 60.0 MPH) (infield hit)
|
Batting: RHB Kevin Whitenack
|
0-0: Called Strike Dan Castaneda is caught stealing 2nd base 2-4 0-1: Foul Ball, location: 2F 0-2: Ball 1-2: Foul Ball, location: 2F 1-2: Ball 2-2: Fly out, F9 (Flyball, 9, EV 77.5 MPH)
|
Top of the 3rd over - 0 runs, 1 hit, 0 errors, 0 left on base; Harrisburg 1 - Tulsa 3 |
BOTTOM OF THE 3RD |
Tulsa Drillers batting - Pitching for Harrisburg Senators : RHP Todd Carbaugh
|
Batting: RHB Vinny Vasquez
|
0-0: Called Strike 0-1: Ball 1-1: Foul Ball, location: 2F 1-2: Ball 2-2: SINGLE (Line Drive, 4D, EV 98.1 MPH)
|
Batting: RHB Mario Gonzales
|
0-0: Ball 1-0: Called Strike 1-1: Foul Ball, location: 2F 1-2: Fielders Choice at 2nd, 1-4 (Groundball, P, EV 71.2 MPH)
|
Batting: RHB John Piccolo
|
0-0: Called Strike 0-1: Ball 1-1: Ball 2-1: Called Strike 2-2: Foul Ball, location: 2F 2-2: SINGLE (Groundball, 4MD, EV 101.9 MPH) Mario Gonzales to second Runner from 2nd tries for 3rd, SAFE, throw by CF made to third
|
Batting: RHB Jorge Benites
|
0-0: Foul Ball, location: 2F 0-1: Ball 1-1: Ball 2-1: 3-RUN HOME RUN (Flyball, 7LD, EV 90.0 MPH), Distance : 325 ft
|
Pitching: RHP Chris Close
|
|
Batting: RHB Seth Tramontano
|
0-0: Swinging Strike 0-1: SINGLE (Groundball, 56D, EV 106.9 MPH)
|
Batting: LHB Hyoji Toda
|
0-0: Called Strike 0-1: Called Strike 0-2: Ball 1-2: Fly out, F9 (Flyball, 9S, EV 85.0 MPH)
|
Batting: SHB Todd Hewitt
|
0-0: Ball 1-0: Ball 2-0: Called Strike 2-1: Ball 3-1: Base on Balls Seth Tramontano to second
|
Batting: RHB Jerry Sanchez
|
0-0: Ball 1-0: Ball 2-0: Ball 3-0: Base on Balls Seth Tramontano to third Todd Hewitt to second
|
Batting: RHB Mike Dodson
|
0-0: Ball 1-0: Ball 2-0: Called Strike 2-1: Called Strike 2-2: Ball 3-2: Strikes out swinging
|
Bottom of the 3rd over - 3 runs, 4 hits, 0 errors, 3 left on base; Harrisburg 1 - Tulsa 6 |
TOP OF THE 4TH |
Harrisburg Senators batting - Pitching for Tulsa Drillers : LHP Gavin White
|
Batting: LHB Evan Oliveri
|
0-0: Ball 1-0: Fly out, F8 (Flyball, 8LXD, EV 101.9 MPH)
|
Batting: RHB Slavik Nebrodov
|
0-0: Fly out, F8 (Line Drive, 8LM, EV 106.9 MPH)
|
Batting: SHB Alex Ethridge
|
0-0: Called Strike 0-1: DOUBLE (Line Drive, 5D, EV 105.6 MPH)
|
Batting: RHB Jim Towle
|
0-0: Swinging Strike 0-1: Ball 1-1: Foul Ball, location: 2F 1-2: Foul Ball, location: 2F 1-2: Strikes out looking
|
Top of the 4th over - 0 runs, 1 hit, 0 errors, 1 left on base; Harrisburg 1 - Tulsa 6 |
BOTTOM OF THE 4TH |
Tulsa Drillers batting - Pitching for Harrisburg Senators : RHP Chris Close
|
Batting: RHB Vinny Vasquez
|
0-0: Ball 1-0: Ball 2-0: Foul Ball, location: 2F 2-1: Swinging Strike 2-2: Ball 3-2: Fly out, F5 (Line Drive, 56, EV 90.0 MPH)
|
Batting: RHB Mario Gonzales
|
0-0: Called Strike 0-1: SOLO HOME RUN (Flyball, 78XD, EV 106.2 MPH), Distance : 390 ft
|
Pitching: RHP Alpha Miller
|
|
Batting: RHB John Piccolo
|
0-0: Called Strike 0-1: Ball 1-1: Foul Ball, location: 2F 1-2: Ball 2-2: Foul Ball, location: 2F 2-2: Strikes out looking
|
Batting: RHB Jorge Benites
|
0-0: Foul Ball, location: 2F 0-1: Ball 1-1: Foul Ball, location: 2F 1-2: Single, Error in OF, E8, batter to second base (Groundball, 4, EV 93.8 MPH)
|
Batting: RHB Seth Tramontano
|
0-0: Ball 1-0: Swinging Strike 1-1: Foul Ball, location: 2F 1-2: Ground out 3-1 (Groundball, 34S, EV 94.4 MPH)
|
Bottom of the 4th over - 1 run, 2 hits, 1 error, 1 left on base; Harrisburg 1 - Tulsa 7 |
TOP OF THE 5TH |
Harrisburg Senators batting - Pitching for Tulsa Drillers : LHP Gavin White
|
Batting: RHB Donovan Auclair
|
0-0: Called Strike 0-1: Ball 1-1: Ball 2-1: Swinging Strike 2-2: Ball 3-2: Fly out, F8 (Flyball, 8RXD, EV 93.1 MPH)
|
Batting: RHB John McNeill
|
0-0: Ground out 6-3 (Groundball, 6, EV 88.8 MPH)
|
Batting: LHB Kyung-jin Cho
|
0-0: Ball 1-0: Ground out 1-3 (Groundball, 13S, EV 75.0 MPH)
|
Top of the 5th over - 0 runs, 0 hits, 0 errors, 0 left on base; Harrisburg 1 - Tulsa 7 |
BOTTOM OF THE 5TH |
Tulsa Drillers batting - Pitching for Harrisburg Senators : RHP Alpha Miller
|
Batting: LHB Hyoji Toda
|
0-0: Called Strike 0-1: Ball 1-1: Ball 2-1: Ball 3-1: Foul Ball, location: 2F 3-2: Strikes out swinging
|
Batting: SHB Todd Hewitt
|
0-0: Called Strike 0-1: Ball 1-1: Called Strike 1-2: Foul Ball, location: 2F 1-2: Strikes out swinging
|
Batting: RHB Jerry Sanchez
|
0-0: Called Strike 0-1: Ball 1-1: Ball 2-1: Swinging Strike 2-2: Foul Ball, location: 2F 2-2: Strikes out looking
|
Bottom of the 5th over - 0 runs, 0 hits, 0 errors, 0 left on base; Harrisburg 1 - Tulsa 7 |
TOP OF THE 6TH |
Harrisburg Senators batting - Pitching for Tulsa Drillers : LHP Gavin White
|
Batting: SHB Dan Castaneda
|
0-0: Ball 1-0: Swinging Strike 1-1: Foul Ball, location: 2F 1-2: Ball 2-2: Ground out 4-3 (Groundball, 34D, EV 98.1 MPH)
|
Batting: RHB Kevin Whitenack
|
0-0: Called Strike 0-1: Foul Ball, location: 2F 0-2: Foul Ball, location: 2F 0-2: Foul Ball, location: 2F 0-2: Ball 1-2: Ground out 5-3 (Groundball, 56S, EV 76.2 MPH)
|
Batting: LHB Evan Oliveri
|
0-0: Called Strike 0-1: Called Strike 0-2: Ball 1-2: Strikes out swinging
|
Top of the 6th over - 0 runs, 0 hits, 0 errors, 0 left on base; Harrisburg 1 - Tulsa 7 |
BOTTOM OF THE 6TH |
Tulsa Drillers batting - Pitching for Harrisburg Senators : RHP Alpha Miller
|
Batting: RHB Mike Dodson
|
0-0: Called Strike 0-1: Ground out 6-3 (Groundball, 6S, EV 63.1 MPH)
|
Batting: RHB Vinny Vasquez
|
0-0: Ball 1-0: Ball 2-0: Called Strike 2-1: Ball 3-1: Foul Ball, location: 2F 3-2: Foul Ball, location: 2F 3-2: Base on Balls
|
Pitching: RHP Ramon Rodriguez
|
|
Batting: RHB Mario Gonzales
|
0-0: Called Strike 0-1: Ball 1-1: Ball 2-1: SINGLE (Groundball, 4D, EV 99.4 MPH) Vinny Vasquez to second Runner from 2nd tries for 3rd, SAFE, throw by CF made to third
|
Batting: RHB John Piccolo
|
0-0: Ball 1-0: Fly out, F8 (Flyball, 8RXD, EV 102.5 MPH) Runner from 3rd tags up, SCORES, no throw by CF
|
Batting: RHB Jorge Benites
|
0-0: Ball 1-0: Ball 2-0: Fielders Choice at 2nd, 6-4 (Groundball, 6, EV 98.8 MPH)
|
Bottom of the 6th over - 1 run, 1 hit, 0 errors, 1 left on base; Harrisburg 1 - Tulsa 8 |
TOP OF THE 7TH |
Harrisburg Senators batting - Pitching for Tulsa Drillers : LHP Gavin White
|
Batting: RHB Slavik Nebrodov
|
0-0: Foul Ball, location: 2F 0-1: Fly out, F8 (Line Drive, 8RD, EV 105.0 MPH)
|
Batting: SHB Alex Ethridge
|
0-0: Called Strike 0-1: Ball 1-1: Called Strike 1-2: Ball 2-2: Ball 3-2: Fly out, F5 (Line Drive, 5L, EV 68.1 MPH)
|
Batting: RHB Jim Towle
|
0-0: Ball 1-0: Foul Ball, location: 2F 1-1: Foul Ball, location: 2F 1-2: Ball 2-2: Ball 3-2: Base on Balls
|
Pitching: RHP Paul Twocock
|
|
Batting: RHB Donovan Auclair
|
0-0: Ball Jim Towle steals 2nd base (no throw) 1-0: Foul Ball, location: 2F 1-1: Ball 2-1: Swinging Strike 2-2: Ball 3-2: TRIPLE (Flyball, 9LD, EV 95.6 MPH) Jim Towle scores
|
Batting: RHB John McNeill
|
0-0: Ball 1-0: Foul Ball, location: 2F 1-1: Ball 2-1: Foul Ball, location: 2F 2-2: Fly out, F8 (Flyball, 8RD, EV 75.0 MPH)
|
Top of the 7th over - 1 run, 1 hit, 0 errors, 1 left on base; Harrisburg 2 - Tulsa 8 |
BOTTOM OF THE 7TH |
Tulsa Drillers batting - Pitching for Harrisburg Senators : RHP Ramon Rodriguez
|
Batting: RHB Seth Tramontano
|
0-0: Called Strike 0-1: Foul Ball, location: 2F 0-2: Foul Ball, location: 2F 0-2: Ball 1-2: Strikes out swinging
|
Batting: LHB Hyoji Toda
|
0-0: Foul Ball, location: 2F 0-1: Foul Ball, location: 2F 0-2: Ball 1-2: Ball 2-2: Ball 3-2: Ground out 6-3 (Groundball, 6, EV 87.5 MPH)
|
Batting: SHB Todd Hewitt
|
0-0: Ball 1-0: Fly out, F8 (Flyball, 8LD, EV 87.5 MPH)
|
Bottom of the 7th over - 0 runs, 0 hits, 0 errors, 0 left on base; Harrisburg 2 - Tulsa 8 |
TOP OF THE 8TH |
Harrisburg Senators batting - Pitching for Tulsa Drillers : RHP Paul Twocock
|
Batting: LHB Kyung-jin Cho
|
0-0: Called Strike 0-1: Foul Ball, location: 2F 0-2: Strikes out swinging
|
Batting: SHB Dan Castaneda
|
0-0: Called Strike 0-1: Ball 1-1: Ball 2-1: Ball 3-1: Ground out 6-3 (Groundball, 4M, EV 100.0 MPH)
|
Batting: RHB Kevin Whitenack
|
0-0: Swinging Strike 0-1: Fly out, F9 (Flyball, 89M, EV 75.0 MPH)
|
Top of the 8th over - 0 runs, 0 hits, 0 errors, 0 left on base; Harrisburg 2 - Tulsa 8 |
BOTTOM OF THE 8TH |
Tulsa Drillers batting - Pitching for Harrisburg Senators : RHP Ramon Rodriguez
|
Batting: RHB Jerry Sanchez
|
0-0: Foul Ball, location: 2F 0-1: Foul Ball, location: 2F 0-2: SINGLE (Groundball, 34D, EV 108.1 MPH)
|
Batting: RHB Mike Dodson
|
0-0: Ball 1-0: Called Strike 1-1: Foul Ball, location: 2F 1-2: Fly out, F9 (Line Drive, 9, EV 108.8 MPH)
|
Batting: RHB Vinny Vasquez
|
0-0: Ball 1-0: Ball 2-0: Foul Ball, location: 2F 2-1: Foul Ball, location: 2F 2-2: Foul Ball, location: 2F 2-2: Ball 3-2: Base on Balls Jerry Sanchez to second
|
Pitching: RHP Gilberto Ricalde
|
|
Batting: RHB Mario Gonzales
|
0-0: Swinging Strike 0-1: SINGLE (Line Drive, 6M, EV 103.1 MPH) Jerry Sanchez to third Vinny Vasquez to second
|
Batting: RHB John Piccolo
|
0-0: Called Strike 0-1: Foul Ball, location: 2F 0-2: Ball 1-2: Ball 2-2: Strikes out looking
|
Batting: RHB Jorge Benites
|
0-0: Ball 1-0: Ball 2-0: Ground out 5-3 (Groundball, 56S, EV 62.5 MPH)
|
Bottom of the 8th over - 0 runs, 2 hits, 0 errors, 3 left on base; Harrisburg 2 - Tulsa 8 |
TOP OF THE 9TH |
Harrisburg Senators batting - Pitching for Tulsa Drillers : RHP Paul Twocock
|
Batting: LHB Evan Oliveri
|
0-0: Called Strike 0-1: Ball 1-1: Ball 2-1: Foul Ball, location: 2F 2-2: Foul Ball, location: 2F 2-2: Ball 3-2: Base on Balls
|
Batting: RHB Slavik Nebrodov
|
0-0: Foul Ball, location: 2F 0-1: Ball 1-1: Foul Ball, location: 2F 1-2: Fly out, F4 (Popup, 4S, EV 66.2 MPH)
|
Batting: SHB Alex Ethridge
|
0-0: Swinging Strike 0-1: Ball 1-1: Swinging Strike 1-2: Ball 2-2: Ball 3-2: Fly out, F9 (Flyball, 89M, EV 90.0 MPH)
|
Batting: RHB Jim Towle
|
0-0: Ball 1-0: Called Strike 1-1: Foul Ball, location: 2F 1-2: Ball 2-2: Strikes out swinging
|
Top of the 9th over - 0 runs, 0 hits, 0 errors, 1 left on base; Harrisburg 2 - Tulsa 8 |
|